 Dungeon Crawl Stone Soup version 0.24-a0-475-g5b41c6f198 (webtiles) character file.

Game seed: 15711881012657920157

210 Kuinu the Chopper (level 5, -1/72 HPs)
             Began as a Minotaur Berserker on July 5, 2019.
             Was a Priest of Trog.
             Slain by an ogre
             ... wielding a +0 giant club
              (27 damage)
             ... on level 3 of the Dungeon.
             The game lasted 00:06:57 (2670 turns).

Kuinu the Chopper (Minotaur Berserker)              Turns: 2670, Time: 00:06:57

Health: -1/72      AC:  5    Str: 27    XL:     5   Next: 57%
Magic:  4/4        EV: 12    Int:  4    God:    Trog [***...]
Gold:   183        SH:  0    Dex: 10    Spells: 4/4 levels left

rFire    . . .     SeeInvis .   s - +2 hand axe (flame)
rCold    . . .     Gourm    .   (no shield)
rNeg     . . .     Faith    .   p - +0 ring mail
rPois    .         Spirit   .   (helmet restricted)
rElec    .         Reflect  .   (no cloak)
rCorr    .         Harm     .   (no gloves)
MR       .....                  (no boots)
Stlth    ..........             h - amulet of the acrobat
HPRegen  0.22/turn              (no ring)
MPRegen  0.09/turn              (no ring)

@: berserking, very quick
A: retaliatory headbutt, horns 2
a: Berserk, Trog's Hand, Renounce Religion


You were on level 3 of the Dungeon.
You worshipped Trog.
Trog was most pleased with you.
You were hungry.

You visited 1 branch of the dungeon, and saw 3 of its levels.

You collected 183 gold pieces.

Inventory:

Hand Weapons
 a - a +0 hand axe
 n - a -2 war axe
 s - a +2 hand axe of flaming (weapon)
Armour
 b - a +1 animal skin
 p - a +0 ring mail (worn)
Jewellery
 h - an amulet of the acrobat (around neck)
Scrolls
 k - 2 scrolls of teleportation
 r - a scroll of enchant armour
Potions
 e - a potion of might {unknown}
 g - 4 potions of curing {unknown}
 i - a potion of magic {unknown}
 j - a potion of flight {unknown}
 l - 2 potions of brilliance
Comestibles
 c - 4 rations


   Skills:
 * Level 5.2 Fighting
 * Level 5.4 Axes
 + Level 3.5 Armour
 + Level 3.3 Dodging


You had 4 spell levels left.
You didn't know any spells.
Your spell library was empty.

Dungeon Overview and Level Annotations

Branches:
Dungeon (3/15)

Altars:
Dithmenos
Makhleb
Xom
Zin


Innate Abilities, Weirdness & Mutations

You reflexively headbutt those who attack you in melee.
You have a pair of horns on your head.


Message History

The gnoll hits you from afar with a +0 spear.
Unknown command.
An ogre comes into view. It is wielding a +0 giant club.
The ogre hits you with a +0 giant club! The gnoll barely misses you.
Found a ration.
You see here a +0 halberd.
Unknown command.
You are too injured to fight recklessly!
Unknown command.
You are too injured to fight recklessly!
Unknown command.
A red film seems to cover your vision as you go berserk!
You feel yourself moving faster!
You feel mighty!
You are feeling hungry.
The ogre hits you with a +0 giant club! The gnoll hits you with a +0 spear.
You slash the gnoll! You burn the gnoll.
The gnoll is severely wounded.
You hit the ogre. You burn the ogre.
The ogre hits you with a +0 giant club!!
You die...

#.# ##......# #.#
##.....## #.# #.##...#
#.# #.####.##### #.# #.#
#.>##.# #### ####.#
##.##.# ###%##)##.#
#.#..# #.#O#.#.#.#
##...### #####.#g@##.###
#....... #.....####.###
#<...... #......##.##.#
#....... #..........#.#
##.......
#####..#.....####........
#..###......#........
#..# #.####..........
#..# #.####.....#####
#..# #........###


You could see an ogre and a gnoll.

Vanquished Creatures
  2 gnolls (D:3)
  8 adders
  An ooze (D:3)
  4 worms (D:2)
  5 dart slugs
  3 leopard geckos
  An orc (D:3)
  A ball python (D:2)
  7 bats
  4 giant cockroaches
  14 goblins
  10 hobgoblins
  7 jackals (D:1)
  9 kobolds
  3 quokkas (D:2)
  2 frilled lizards
  8 rats
89 creatures vanquished.

Notes
Turn   | Place    | Note
-------+----------+-------------------------------------------
     0 | D:1      | Kuinu the Minotaur Berserker began the quest for the Orb.
     0 | D:1      | Reached XP level 1. HP: 19/19 MP: 0/0
   116 | D:1      | Reached XP level 2. HP: 16/27 MP: 1/1
   468 | D:1      | Reached XP level 3. HP: 29/33 MP: 2/2
   691 | D:2      | Reached ** piety under Trog
   767 | D:2      | Found a burning altar of Makhleb.
   983 | D:2      | Reached XP level 4. HP: 25/41 MP: 3/3
  1401 | D:2      | Noticed an angel
  1402 | D:2      | Found a shimmering altar of Xom.
  1404 | D:2      | Found a glowing silver altar of Zin.
  1560 | D:2      | Reached skill level 5 in Axes
  1600 | D:2      | Reached *** piety under Trog
  1655 | D:3      | Reached XP level 5. HP: 31/47 MP: 4/4
  1763 | D:3      | Reached skill level 5 in Fighting
  1777 | D:3      | HP: 2/48 [poisoned by an adder]
  2204 | D:3      | Found a shadowy altar of Dithmenos.
  2668 | D:3      | Noticed an ogre
  2670 | D:3      | Slain by an ogre

Levels and vault maps discovered:
D:1:      sevenhm_arrival_forest_fort_large_2, layout_loops_ring
D:2:      minmay_chambers_of_twos, layout_basic,
          grunt_temple_overflow_order_and_chaos_1,
          nicolae_overflow_crystal_walls, first_ration
D:3:      layout_rooms, nicolae_dithmenos_shadow_blocks, marbit_many_paths

Skill      XL: |  1  2  3  4  5 |
---------------+----------------+-----
Fighting       | 4 5 |  5.2
Axes           | 4 5 |  5.4
Armour         | 3 |  3.5
Dodging        | 3 |  3.3

Action                   |  1- 3 |  4- 6 || total
-------------------------+-------+-------++-------
Melee: Hand axe          |   100 |    21 ||   121
       Headbutt          |     6 |    20 ||    26
       War axe           |       |    87 ||    87
Invok: Berserk           |       |     1 ||     1
  Use: Scroll            |     1 |     5 ||     6
       Potion            |       |     1 ||     1
  Eat: Chunk             |       |     6 ||     6
Armor: Animal skin       |    26 |     5 ||    31
       Ring mail         |       |     7 ||     7
Dodge: Dodged            |    65 |    90 ||   155

Table legend:
 A = Non-vault XP
 B = Vault XP
 C = Vault XP percentage of total XP
 D = Non-vault monster count
 E = Vault monster count
 F = Vault count percentage of total count
                 A         B        C        D         E       F
            +---------+---------+-------+---------+---------+-------
      Total |     269 |      32 |  10.6 |      80 |       9 |  10.1
            +---------+---------+-------+---------+---------+-------
        D:1 |      41 |       0 |   0.0 |      21 |       0 |   0.0
        D:2 |     117 |      30 |  20.4 |      34 |       8 |  19.0
        D:3 |     111 |       2 |   1.8 |      25 |       1 |   3.8
            +---------+---------+-------+---------+---------+-------
